 Dungeon Sprint DCSS version 0.22.1-1-ga44c0e56f4 (webtiles) character file.

453 MuseOD the Covert (level 6, -3/32 HPs)
             Began as a Spriggan Enchanter on Sept 22, 2018.
             Was an Initiate of Dithmenos.
             Slain by a manticore (9 damage)
             ... in the Dungeon (Sprint II: "The Violet Keep of Menkaure").
             The game lasted 00:00:51 (284 turns).

MuseOD the Covert (Spriggan Enchanter)               Turns: 284, Time: 00:00:53

Health: -3/32      AC:  2    Str:  4    XL:     6   Next: 75%
Magic:  18/18      EV: 18    Int: 18    God:    Dithmenos [......]
Gold:   243        SH:  0    Dex: 17    Spells: 16/22 levels left

rFire    . . .     SeeInvis +   a - +1 dagger
rCold    . . .     Gourm    .   (shield restricted)
rNeg     . . .     Faith    .   b - +0 robe
rPois    .         Spirit   .   (helmet restricted)
rElec    .         Reflect  .   (no cloak)
rCorr    .         Harm     .   (gloves unavailable)
MR       +....     NoTele   +   (boots unavailable)
Stlth    +++++.....             (no amulet)
HPRegen  0.10/turn              (no ring)
MPRegen  0.16/turn              (no ring)

@: barbed spikes, very quick
A: very small, unfitting armour, see invisible, herbivore, speed 3, slow
metabolism 2
a: Renounce Religion


You were in the Dungeon.
You worshipped Dithmenos.
Dithmenos was noncommittal.
You were not hungry.

You visited 1 branch You collected 243 gold pieces.

Inventory:

Hand Weapons
 a - a +1 dagger (weapon)
Armour
 b - a +0 robe (worn)
Scrolls
 j - a scroll of blinking
Potions
 e - a potion of curing
 g - a potion of haste
 h - a potion of magic
Comestibles
 d - a ration


   Skills:
 - Level 3.3 Fighting
 - Level 6.7 Short Blades
 - Level 3.0 Dodging
 + Level 12.7 Stealth
 + Level 8.5 Spellcasting
 + Level 8.9 Hexes


You had 16 spell levels left.
You knew the following spells:

 Your Spells              Type           Power        Failure   Level  Hunger
a - Corona                Hex            #####..      1%          1    None
b - Ensorcelled Hibernat  Hex/Ice        ###...       2%          2    None
c - Confuse               Hex            #####...     1%          3    None

Your spell library contained the following spells:

 Spells                   Type           Power        Failure   Level  Hunger
 Tukima's Dance           Hex            #####...     1%          3    None
 Dazzling Spray           Conj/Hex       ###...       4%          3    None


Dungeon Overview and Level Annotations

Branches:
Dungeon (1/1)

Altars:
Cheibriados
Dithmenos
Elyvilon
Fedhas
Gozag
Hepliaklqana
Kikubaaqudgha
Makhleb
Nemelex Xobeh
Okawaru
Qazlal
Ru
Sif Muna
Trog
Uskayaw
Vehumet
Wu Jian
Xom
Yredelemnul
Zin
The Shining One
Beogh
Jiyva
Lugonu


Innate Abilities, Weirdness & Mutations

You are very small and have problems with some larger weapons.
You are too small for most types of armour.
You have supernaturally acute eyesight. (SInv)
You are a herbivore.
You cover ground extremely quickly.
You need to consume almost no food.


Message History

The manticore flicks its tail.
The volley of spikes misses you.
Casting: Ensorcelled Hibernation (safe; 2% risk of failure)
Confirm with . or Enter, or press ? or * to list all spells.
Aiming: Confuse (safe; 1% risk of failure)
Press: ? - help, Shift-Dir - straight line, f - manticore
Aim: a manticore (chance to defeat MR: 50%)
The manticore resists with some effort.
The manticore barely misses you. The manticore claws you!
The manticore claws you.
Your magical contamination has completely faded away.
Okay, then.
The barbs in your skin will harm you if you move.
Continue?
Okay, then.
Magic courses through your body. The manticore bites you!
* * * LOW HITPOINT WARNING * * *
The manticore completely misses you. The manticore barely misses you.
The manticore bites you.
* * * LOW HITPOINT WARNING * * *
The manticore claws you!
You die...

.. .. .. .. #. .#### +.###
...# ...# ###..#####..# ?$)
#+###.##..#.H@..# ▓(!(?$
##.##..##..#.H#.^# ▓((!(?%
+.<.'##.'..####§.### ▓$$?$)!
##.##..##....###...##▓▓▓▓▓▓▓
#+###.##.§.§..≈≈≈≈≈≈≈≈≈≈≈≈≈
###≈§§§...≈#'########+#
#≈≈≈≈≈≈≈.§≈#_._._...#§≈
#≈§≈≈≈≈§≈.≈#._._._._#§≈
#≈≈§≈≈≈§§§≈≈#_._._._.#≈≈


You could see 2 manticores.

Vanquished Creatures
  A manticore (D)
  A crocodile (D)
  4 worker ants (D)
6 creatures vanquished.

Notes
Turn   | Place    | Note
-------+----------+-------------------------------------------
     0 | D        | MuseOD the Spriggan Enchanter began the quest for the Orb.
     0 | D        | Reached XP level 1. HP: 9/9 MP: 5/5
     1 | D        | Noticed a worker ant
     1 | D        | Noticed a worker ant
     1 | D        | Noticed a worker ant
     1 | D        | Noticed a worker ant
    10 | D        | Killed a worker ant
    10 | D        | Reached skill level 6 in Stealth
    10 | D        | Reached XP level 2. HP: 15/15 MP: 6/6
    14 | D        | Reached skill level 5 in Short Blades
    14 | D        | Reached skill level 7 in Stealth
    14 | D        | Reached XP level 3. HP: 12/19 MP: 8/8
    18 | D        | Reached XP level 4. HP: 14/24 MP: 9/9
    23 | D        | Reached skill level 8 in Stealth
    69 | D        | Learned a level 2 spell: Ensorcelled Hibernation
    73 | D        | Learned a level 3 spell: Confuse
   231 | D        | Found an iron altar of Okawaru.
   231 | D        | Found an opulent altar of Gozag.
   232 | D        | Found a sparkling altar of Nemelex Xobeh.
   232 | D        | Found a blossoming altar of Fedhas.
   233 | D        | Found a radiant altar of Vehumet.
   233 | D        | Found a burning altar of Makhleb.
   233 | D        | Found a white marble altar of Elyvilon.
   234 | D        | Found a hide-covered altar of Uskayaw.
   234 | D        | Found a corrupted altar of Lugonu.
   234 | D        | Found a shadowy altar of Dithmenos.
   235 | D        | Found a glowing silver altar of Zin.
   235 | D        | Found a bloodstained altar of Trog.
   235 | D        | Found an ancient bone altar of Kikubaaqudgha.
   236 | D        | Found a basalt altar of Yredelemnul.
   236 | D        | Found a deep blue altar of Sif Muna.
   236 | D        | Found a viscous altar of Jiyva.
   237 | D        | Found a shimmering altar of Xom.
   237 | D        | Found a sacrificial altar of Ru.
   237 | D        | Noticed a crocodile
   239 | D        | Found a glowing golden altar of the Shining One.
   239 | D        | Found an ornate altar of the Wu Jian Council.
   239 | D        | Found a stormy altar of Qazlal.
   239 | D        | Found a snail-covered altar of Cheibriados.
   239 | D        | Found a hazy altar of Hepliaklqana.
   240 | D        | Found a roughly hewn altar of Beogh.
   242 | D        | Noticed a crocodile
   246 | D        | Became a worshipper of Dithmenos the Shadowed
   260 | D        | Killed a crocodile
   260 | D        | Reached skill level 9 in Stealth
   279 | D        | Noticed a manticore
   279 | D        | Noticed a manticore
   280 | D        | Noticed a manticore
   281 | D        | Killed a manticore
   281 | D        | Reached skill level 12 in Stealth
   281 | D        | Reached XP level 5. HP: 21/28 MP: 2/17
   281 | D        | Reached XP level 6. HP: 24/32 MP: 2/18
   284 | D        | Slain by a manticore

Skill      XL: |  1  2  3  4 |
---------------+-------------+-----
Fighting       | 2 3 |  3.3
Short Blades   | 4 5 6 |  6.7
Stealth        | 6 7 12 | 12.7
Spellcasting   | 8 |  8.5
Hexes          | 8 |  8.9
Dodging        | |  3.0

Action                   |  1- 3 |  4- 6 || total
-------------------------+-------+-------++-------
Melee: Dagger            |    16 |     7 ||    23
 Cast: Ensorcelled Hiber |       |     2 ||     2
       Confuse           |       |     2 ||     2
  Use: Potion            |     1 |     2 ||     3
 Stab: Sleeping          |       |     2 ||     2
Dodge: Dodged            |     7 |     9 ||    16
